 Dungeon Crawl Stone Soup version 0.17-a0-1655-g88a8506 (webtiles) character file.

221 karlkraus the Covered (level 5, -1/47 HPs)
             Began as a Minotaur Fighter on Aug 16, 2015.
             Slain by a gnoll
             ... wielding a +0 spear
              (2 damage)
             ... on level 4 of the Dungeon.
             The game lasted 00:04:17 (2655 turns).

karlkraus the Covered (Minotaur Fighter)            Turns: 2655, Time: 00:04:19

Health: -1/47      AC: 10    Str: 25    XL:     5   Next: 65%
Magic:  4/4        EV:  9    Int:  5    God:
Gold:   227        SH: 10    Dex: 11    Spells: 0 memorised, 4 levels left

rFire  . . .     SeeInvis .     a - +0 flail
rCold  . . .     Clarity  .     b - +0 scale mail
rNeg   . . .     SustAt   .     c - +0 shield
rPois  .         Gourm    .     (helmet restricted)
rElec  .         Spirit   .     t - +0 cloak
rCorr  .         Warding  .     r - +1 pair of gloves
rMut   .         Stasis   .     (no boots)
MR     .....                    (no amulet)
Stlth  ..........               (no ring)
                                (no ring)

@: mighty, glowing, drained, not resistant to hostile enchantments, extremely
unstealthy
A: retaliatory headbutt, horns 2
a: no special abilities


You were on level 4 of the Dungeon.
You were hungry.

You visited 1 branch of the dungeon, and saw 4 of its levels.

You collected 227 gold pieces.

Inventory:

Hand weapons
 a - a +0 flail (weapon)
Armour
 b - a +0 scale mail (worn)
 c - a +0 shield (worn)
 r - a +1 pair of gloves (worn)
 t - a +0 cloak (worn)
Jewellery
 u - an uncursed amulet of resist corrosion {unknown}
Magical devices
 y - a wand of frost (18)
Scrolls
 g - 3 scrolls of remove curse {unknown}
 i - a scroll of noise {unknown}
 k - 2 scrolls of fear {unknown}
 m - 2 scrolls of recharging {unknown}
 o - 5 scrolls of identify {unknown}
 p - 2 scrolls of teleportation {unknown}
 q - a scroll of magic mapping {unknown}
 w - 2 scrolls of amnesia {unknown}
Potions
 d - 2 potions of might
 h - a potion of haste {unknown}
 l - 2 potions of cure mutation {unknown}
 n - a potion of degeneration {unknown}
 s - 4 potions of curing {unknown}
 v - a potion of brilliance {unknown}
 x - a potion of berserk rage {unknown}
 z - a potion of cancellation {unknown}
 B - a potion of lignification {unknown}
Books
 A - a book of Conjurations

   Spells                             Type                      Level
   a - Magic Dart                     Conjuration                  1
   b - Searing Ray                    Conjuration                  2
   c - Dazzling Spray                 Conjuration/Hexes            3
   d - Fulminant Prism                Conjuration/Hexes            4
   e - Iskenderun's Mystic Blast      Conjuration                  4
   f - Iskenderun's Battlesphere      Conjuration/Charms           5
Comestibles
 e - 3 bread rations
 f - 3 meat rations
 j - 2 beef jerkies


   Skills:
 + Level 4.6(4.5) Fighting
 + Level 3.4(3.3) Maces & Flails
 + Level 4.9(4.8) Armour
 + Level 2.5(2.3) Dodging
 + Level 0.1(0.0) Stealth
 + Level 4.8(4.7) Shields


You had 4 spell levels left.
You didn't know any spells.

Dungeon Overview and Level Annotations

Branches:
Dungeon (4/15)
 Temple: D:4-7

Altars:
Cheibriados
Dithmenos


Innate Abilities, Weirdness & Mutations

You reflexively headbutt those who attack you in melee.
You have a pair of horns on your head.


Message History

You completely miss the gnoll. The gnoll closely misses you.
You furiously retaliate!
You headbutt the gnoll!
You kill the gnoll!
You block the gnoll's attack.
The gnoll hits you from afar with a spear.
* * * LOW HITPOINT WARNING * * *
The gnoll shaman invokes the aid of its god against you.
You are outlined in light.
You block the gnoll's attack. The gnoll barely misses you.
You thump the gnoll!
You kill the gnoll!
You block the gnoll shaman's attack. You block the gnoll's attack.
You block the gnoll's attack.
You hit the gnoll shaman.
The gnoll shaman is moderately wounded.
You block the gnoll's attack. The gnoll shaman hits you with a club.
* * * LOW HITPOINT WARNING * * *
The gnoll hits you but does no damage.
The gnoll hits you from afar with a spear.
You die...

#...........##
##............##
##........##....##
.###........
##....##
...........
##....##
#........#
##....## #
#.......## ##..<.#
## #... #...g)(..#
##.... .####....
#...)@...## #....
.#.#.....
#...g##...# ##..##
........# #...g#
##..## #..##
.......# #...#
##..## ##..#
.......# #....
#...####..##
.......# #...
##...##...# .<..#.
... ##..#[..##
....# ... #......#
........ ##......#


You could see a gnoll shaman and 2 gnolls.

Vanquished Creatures
  A worker ant (D:4)
  3 adders
  7 gnolls
  A shadow imp (D:4)
  2 oozes
  3 worms
  4 giant geckos
  3 giant cockroaches
  11 hobgoblins
  7 jackals (D:1)
  A quokka (D:4)
  13 bats
  3 giant newts
  8 goblins
  8 kobolds
  11 rats
86 creatures vanquished.

Notes
Turn   | Place    | Note
--------------------------------------------------------------
     0 | D:1      | karlkraus the Minotaur Fighter began the quest for the Orb.
     0 | D:1      | Reached XP level 1. HP: 19/19 MP: 0/0
   168 | D:1      | Reached skill level 4 in Fighting
   195 | D:1      | Reached XP level 2. HP: 24/27 MP: 1/1
   781 | D:1      | Reached XP level 3. HP: 30/33 MP: 2/2
  1249 | D:2      | Reached skill level 1 in Dodging
  1249 | D:2      | Reached XP level 4. HP: 30/40 MP: 3/3
  1938 | D:3      | Found a faded altar to an unknown god.
  2077 | D:3      | Found a snail-covered altar of Cheibriados.
  2126 | D:3      | Reached XP level 5. HP: 47/47 MP: 4/4
  2400 | D:4      | Found a shadowy altar of Dithmenos.
  2655 | D:4      | HP: 1/47 [gnoll shaman/club (4)]
  2655 | D:4      | Slain by a gnoll

Vault maps used:
D:1:      minmay_arrival_stone_box
D:2:      first_bread
D:3:      ecumenical_altar_1, cheibriados_altar_1
D:4:      nicolae_overflow_hidden_temple

Action                   |  1- 3 |  4- 6 || total
-------------------------+-------+-------++-------
Melee: Flail             |    90 |    91 ||   181
  Use: Potion            |       |     1 ||     1
  Eat: Chunk             |     1 |     4 ||     5
